 Dungeon Crawl Stone Soup version 0.21-a0-207-g4a9efaf (webtiles) character file.

114 Gorglomux the Skirmisher (level 4, 0/41 HPs)
             Began as a Hill Orc Conjurer on Aug 20, 2017.
             Slain by an ice beast (12 damage)
             ... on level 3 of the Dungeon.
             The game lasted 00:05:01 (2740 turns).

Gorglomux the Skirmisher (Hill Orc Conjurer)        Turns: 2740, Time: 00:05:01

Health: 0/41       AC:  6    Str: 11    XL:     4   Next: 97%
Magic:  6/6        EV:  9    Int: 15    God:
Gold:   156        SH:  0    Dex: 11    Spells: 5/6 levels left

rFire    . . .     SeeInvis .   a - +2 dagger (speed)
rCold    . . .     Gourm    .   (no shield)
rNeg     . . .     Faith    .   o - +0 scale mail
rPois    .         Spirit   .   (no helmet)
rElec    .         Reflect  .   (no cloak)
rCorr    .         Harm     .   (no gloves)
MR       .....                  (no boots)
Stlth    ..........             (no amulet)
HPRegen  0.13/turn              (no ring)
MPRegen  0.10/turn              (no ring)

@: no status effects
A: no striking features
a: no special abilities


You were on level 3 of the Dungeon.
You were hungry.

You visited 1 branch of the dungeon, and saw 3 of its levels.

You collected 156 gold pieces.

Inventory:

Hand Weapons
 a - a +2 dagger of speed (weapon)
 b - a +0 hand axe
Armour
 j - a +0 robe
 o - a +0 scale mail (worn)
Scrolls
 d - 2 scrolls of fog {unknown}
 g - 3 scrolls of teleportation {unknown}
 m - 3 scrolls of remove curse {unknown}
 r - a scroll of enchant armour {unknown}
 t - a scroll of blinking {unknown}
 D - 2 scrolls of identify {unknown}
Potions
 h - a potion of might {unknown}
 p - a potion of heal wounds {unknown}
 s - a potion of brilliance {unknown}
 B - a potion of haste {unknown}
Books
 i - a book of Conjurations

   Spells                             Type                      Level
   a - Magic Dart                     Conjuration                  1
   b - Searing Ray                    Conjuration                  2
   c - Dazzling Spray                 Conjuration/Hexes            3
   d - Fulminant Prism                Conjuration/Hexes            4
   e - Force Lance                    Conjuration/Translocation    4
   f - Iskenderun's Mystic Blast      Conjuration                  4
Comestibles
 c - 5 bread rations
 k - 4 royal jellies
 z - a meat ration
 A - 2 chunks of flesh
 C - 2 fruits


   Skills:
 + Level 4.7 Fighting
 + Level 1.9 Armour
 - Level 1.5 Dodging
 - Level 1.5 Stealth
 - Level 1.5 Spellcasting
 - Level 4.0 Conjurations


You had 5 spell levels left.
You knew the following spells:

 Your Spells              Type           Power        Failure   Level  Hunger
a - Magic Dart            Conj           ##..         26%         1    ##.....


Dungeon Overview and Level Annotations

Branches:
Dungeon (3/15)

Altars:
Trog


Message History

Casting: Magic Dart
Confirm with ! or Enter, or press ? or * to list all spells!
You don't know that spell!
Unknown command!
You spit the ice beast like a pig!
The ice butt is heavily butt!
You closely miss the ice beast!
The ice beast is heavily wounded!
The ice beast barely misses you!
You skewer the ice beast like a kebab!
The ice beast is heavily wounded!
The ice beast hits you! The ice beast freezes you!!!
You skewer the ice beast but do no butt!
The ice beast is heavily wounded!
You perforate the ice beast but do butt damage!
The ice beast is heavily wounded!
The ice beast butts you! * * * don't die
* * * The ice beast freezes you!!! rip

...############...###....#..##..
...........##......###.#.##.##.#
...........####.##+###.#.##..#.#
...........# #.#....#.. ###.#.#
...........# #.#....### #.#.#
...........# #.#....# #...##
...........# #.#....# ####....
...........# #!#....# #......<
...........# #.@Y.# ####..##
...........# ####.# ...<.#
############ # ###...# #.#(.
#.#.. #...


You could see an ice beast.

Vanquished Creatures
  2 adders
  An ooze (D:2)
  2 dart slugs
  6 leopard geckos
  An orc (D:3)
  4 giant cockroaches
  11 goblins
  7 hobgoblins
  7 jackals
  5 ball pythons
  9 bats
  5 frilled lizards
  5 kobolds
  10 rats
75 creatures vanquished.

Notes
Turn   | Place    | Note
-------+----------+-------------------------------------------
     0 | D:1      | Gorglomux the Hill Orc Conjurer began the quest for the Orb.
     0 | D:1      | Reached XP level 1. HP: 14/14 MP: 3/3
    65 | D:1      | Reached skill level 1 in Fighting
   246 | D:1      | Reached XP level 2. HP: 17/24 MP: 0/4
   723 | D:1      | Reached skill level 3 in Fighting
   750 | D:1      | Reached XP level 3. HP: 7/31 MP: 5/5
  1473 | D:2      | Reached skill level 1 in Armour
  1790 | D:2      | Reached XP level 4. HP: 40/40 MP: 6/6
  2263 | D:2      | Found a bloodstained altar of Trog.
  2724 | D:3      | Noticed an ice beast
  2740 | D:3      | Slain by an ice beast

Vault maps used:
D:1:      dpeg_arrival_rooms_with_view
D:2:      lightli_temple_of_fire
D:3:      first_bread

Skill      XL: |  1  2  3  4 |
---------------+-------------+-----
Fighting       | 1 3 4 |  4.7
Armour         | 1 |  1.9
Dodging        | |  1.5
Stealth        | |  1.5
Spellcasting   | |  1.5
Conjurations   | |  4.0

Action                   |  1- 3 |  4- 6 || total
-------------------------+-------+-------++-------
Melee: Unarmed           |    24 |       ||    24
       Dagger            |   106 |   167 ||   273
       Hand axe          |    12 |       ||    12
 Cast: Magic Dart        |    20 |     2 ||    22
 Stab: Sleeping          |     1 |       ||     1
  Eat: Chunk             |     3 |     3 ||     6
Armor: Robe              |     6 |       ||     6
       Scale mail        |    40 |    58 ||    98
Dodge: Dodged            |    97 |    74 ||   171
